 Dungeon Crawl Stone Soup version 0.30-a0-313-gae38170b09 (webtiles) character file.

Game seed: 12474169000635082144

733 retardedninja the Cleaver (level 7, -1/61 HPs)
             Began as a Hill Orc Fighter on Oct 26, 2022.
             Slain by Menkaure (7 damage)
             ... on level 4 of the Dungeon.
             The game lasted 00:08:07 (4327 turns).

retardedninja the Cleaver (Hill Orc Fighter)        Turns: 4327, Time: 00:08:08

Health: -1/61      AC:  8    Str: 21    XL:     7   Next: 74%
Magic:  7/7        EV: 10    Int:  8    God:
Gold:   225        SH:  5    Dex: 16    Spells: 6/6 levels left

rFire   . . .      SeeInvis .    a - +0 war axe
rCold   + . .      Faith    .    c - +0 buckler
rNeg    . . .      Spirit   .    b - +0 scale mail
rPois   .          Reflect  .    r - +0 helmet
rElec   .          Harm     .    (no cloak)
rCorr   .          Rampage  .    (no gloves)
Will    .....                    (no boots)
Stlth   ..........               (no amulet)
HPRegen 0.30/turn                h - +6 ring of dexterity
MPRegen 0.10/turn                (no ring)

@: hasted, very quick
A: cold resistance 1, wild magic 1
a: no special abilities


You were on level 4 of the Dungeon.
You visited 1 branch of the dungeon, and saw 4 of its levels.

You collected 225 gold pieces.

Inventory:

Hand Weapons
 a - a +0 war axe (weapon)
Armour
 b - a +0 scale mail (worn)
 c - a +0 buckler (worn)
 r - a +0 helmet (worn)
Jewellery
 h - a +6 ring of dexterity (left hand)
 w - an amulet of regeneration
Wands
 d - a wand of mindburst (7)
 m - a wand of flame (20)
Scrolls
 e - a scroll of immolation {unknown}
 f - 5 scrolls of identify {unknown}
 g - 2 scrolls of teleportation {unknown}
 l - a scroll of amnesia {unknown}
 o - a scroll of butterflies {unknown}
 p - a scroll of blinking {unknown}
 t - a scroll of vulnerability {unknown}
 u - a scroll of noise {unknown}
 v - 3 scrolls of brand weapon {unknown}
Potions
 i - a potion of brilliance {unknown}
 j - a potion of heal wounds {unknown}
 q - a potion of magic {unknown}
 s - a potion of degeneration {unknown}


   Skills:
 + Level 5.1 Fighting
 + Level 8.0 Axes
 + Level 4.7 Armour
 + Level 1.9 Dodging
 + Level 0.6 Stealth
 + Level 4.3 Shields


You had 6 spell levels left.
You didn't know any spells.
Your spell library contained the following spells:

 Spells                   Type           Power      Damage    Failure   Level
 Sting                    Tmut/Pois      0%         1d3       88%         1
 Poisonous Vapours        Pois/Air       0%         N/A       95%         2
 Sublimation of Blood     Necr           0%         N/A       95%         2
 Wereblood                Tmut           0%         N/A       95%         2
 Gell's Gravitas          Tloc           0%         N/A       99%         3
 Lesser Beckoning         Tloc           0%         N/A       99%         3
 Teleport Other           Tloc           0%         N/A       99%         3
 Olgreb's Toxic Radiance  Pois           0%         N/A       100%        4
 Summon Hydra             Summ           0%         N/A       100%        7


Dungeon Overview and Level Annotations

Branches:
Dungeon (4/15)
 Temple: D:4-7

Altars:
Ashenzari

Shops:
D:2 [

Annotations:
D:4 Menkaure


Innate Abilities, Weirdness & Mutations

Your flesh is cold resistant. (rC+)
Your spells are a little harder to cast, but a little more powerful.


Message History

Menkaure casts a spell at you. Pain shoots through your body!
You are too injured to fight recklessly!
You are too injured to fight recklessly!
You are too injured to fight recklessly!
You are too injured to fight recklessly!
You are too injured to fight recklessly!
You are too injured to fight recklessly!
You are too injured to fight recklessly!
You are too injured to fight recklessly!
You are too injured to fight recklessly!
You are too injured to fight recklessly!
You are too injured to fight recklessly!
You are too injured to fight recklessly!
You are too injured to fight recklessly!
You feel better.
Menkaure calls on the powers of darkness!
The iguana convulses!
Your body is wracked with pain!
* * * LOW HITPOINT WARNING * * *
Menkaure hits you!
* * * LOW HITPOINT WARNING * * *
You feel yourself speed up. Menkaure closely misses you.
You hit Menkaure but do no damage.
Menkaure is moderately damaged.
Menkaure calls on the powers of darkness!
The iguana convulses!
Your body is wracked with pain!
* * * LOW HITPOINT WARNING * * *
You completely miss Menkaure.
Menkaure is moderately damaged.
Menkaure hums a few words.
You block Menkaure's attack.
You barely miss Menkaure.
Menkaure is moderately damaged.
You slash Menkaure!
Menkaure is severely damaged.
You block Menkaure's attack.
You barely miss Menkaure.
Menkaure is severely damaged.
Menkaure hits you!
You die...

##
....#####
.....lM.#
#@# #.#
#.# ..
#.# .#.
#.#
.#.####
#.#
......
..# #.#
.#...##.#
#.# #.#
.##..##.#
#.# #.#


You could see Menkaure (fast) and an iguana.

Vanquished Creatures
  Grinder (D:3)
  Sigmund (D:3)
  A scorpion (D:3)
  2 orc priests
  Jessica (D:2)
  An orc wizard (D:4)
  Ijyb (D:4)
  Natasha (D:4)
  9 adders
  A worm (D:4)
  7 orcs
  4 endoplasms
  5 giant cockroaches
  5 goblins
  7 hobgoblins
  7 kobolds
  4 quokkas
  8 ball pythons
  6 bats
  5 frilled lizards
  3 rats
80 creatures vanquished.

Vanquished Creatures (others)
  A fungus (D:1)
  23 plants (D:2)
24 creatures vanquished.

Grand Total: 104 creatures vanquished

Notes
Turn   | Place    | Note
-------+----------+-------------------------------------------
     0 | D:1      | retardedninja the Hill Orc Fighter began the quest for the
                  | Orb.
     0 | D:1      | Reached XP level 1. HP: 19/19 MP: 1/1
   108 | D:1      | Reached XP level 2. HP: 25/27 MP: 2/2
   125 | D:1      | Noticed a shining eye
   129 | D:1      | Found a faded altar of an unknown god.
   155 | D:1      | Reached skill level 3 in Axes
   196 | D:1      | Noticed a floating eye
   201 | D:1      | Noticed a floating eye
   204 | D:1      | Noticed a great orb of eyes
   407 | D:1      | Prayed at the altar of an unknown god.
   407 | D:1      | Became a worshipper of Ashenzari the Shackled
   408 | D:1      | Fell from the grace of Ashenzari
   768 | D:2      | Gained mutation: Your spells are a little harder to cast,
                  | but a little more powerful. [potion of mutation]
   768 | D:2      | Gained mutation: Your flesh is cold resistant. (rC+)
                  | [potion of mutation]
   772 | D:2      | Reached XP level 3. HP: 2/33 MP: 3/3
   773 | D:2      | HP: 1/33 [poisoned by an adder]
   976 | D:2      | Found Dar Otodgh's Armour Emporium.
   986 | D:2      | Was forgiven by Ashenzari
  1041 | D:2      | Noticed Jessica
  1051 | D:2      | Killed Jessica
  1052 | D:2      | Reached skill level 4 in Axes
  1052 | D:2      | Reached XP level 4. HP: 11/40 MP: 4/4
  1407 | D:2      | Reached skill level 1 in Dodging
  1629 | D:2      | Reached XP level 5. HP: 46/47 MP: 5/5
  2295 | D:3      | Reached skill level 5 in Axes
  2319 | D:3      | Noticed Grinder
  2326 | D:3      | Paralysed by Grinder for 3 turns
  2338 | D:3      | Paralysed by Grinder for 2 turns
  2344 | D:3      | Killed Grinder
  2345 | D:3      | Reached skill level 6 in Axes
  2345 | D:3      | Reached XP level 6. HP: 21/55 MP: 6/6
  2889 | D:3      | Reached XP level 7. HP: 60/60 MP: 7/7
  2903 | D:3      | Noticed Sigmund
  2914 | D:3      | Killed Sigmund
  2915 | D:3      | Reached skill level 5 in Fighting
  2915 | D:3      | Reached skill level 7 in Axes
  3792 | D:4      | Noticed Ijyb
  3799 | D:4      | Killed Ijyb
  4278 | D:4      | Noticed Natasha
  4282 | D:4      | Killed Natasha
  4308 | D:4      | Noticed Menkaure
  4316 | D:4      | Reached skill level 8 in Axes
  4327 | D:4      | Slain by Menkaure

Illustrated notes

Levels and vault maps discovered:
D:1:      dpeg_arrival_prison, layout_rooms,
          hellmonk_ecumenical_altar_watching_god
D:2:      layout_loops_ring, serial_shops, shop, chequers_big_river,
          minivault_14, minmay_door_square, minmay_misc_feat_iff,
          wad_woods_river_04, minmay_cupped, uniq_jessica
D:3:      layout_basic, uniq_grinder, uniq_sigmund
D:4:      layout_basic, vehumet_statue, st_stairs_10,
          hangedman_decor_peaks_small, uniq_ijyb, uniq_natasha, uniq_menkaure

Skill      XL: |  1  2  3  4  5  6  7 |
---------------+----------------------+-----
Fighting       | 4 5 |  5.1
Axes           | 3 4 6 8 |  8.0
Dodging        | 1 |  1.9
Armour         | 4 |  4.7
Shields        | 4 |  4.3
Stealth        | |  0.6

Action                   |  1- 3 |  4- 6 |  7- 9 || total
-------------------------+-------+-------+-------++-------
Melee: War axe           |    95 |   130 |    65 ||   290
Invok: Renounce Religion |     1 |       |       ||     1
  Use: Potion            |     1 |     1 |     5 ||     7
Armor: Scale mail        |    69 |    43 |    17 ||   129
Dodge: Dodged            |    47 |    58 |    24 ||   129
Block: Buckler           |    24 |    26 |     8 ||    58

Table legend: (Time is in decaauts)
 A = Elapsed time spent in this place.
 B = Non-inter-level travel time spent in this place.
 C = Inter-level travel time spent in this place.
 D = Time resting spent in this place.
 E = Time spent auto-exploring this place.
 F = Levels seen in this place.
 G = Mean time per level.
                   A        B        C        D        E       F      G
               +--------+--------+--------+--------+--------+-----+--------+
         Total |   4439 |   4200 |    239 |   1029 |   2454 |   4 | 1109.8 |
       Dungeon |   4439 |   4200 |    239 |   1029 |   2454 |   4 | 1109.8 |
               +--------+--------+--------+--------+--------+-----+--------+

Top non-repeatable levels by time:
     D:2: 1647 daAuts
     D:3: 1437 daAuts
     D:1: 678 daAuts
     D:4: 676 daAuts
